 Dungeon Crawl Stone Soup version 0.31.0-11-ge490571c62 (webtiles) character file.

Game seed: 10346300252242679215

44 qw the Shooter (level 3, -1/20 HPs)
             Began as a Deep Elf Hunter on Feb 4, 2024.
             Slain by an orc
             ... wielding a +0 whip
              (4 damage)
             ... on level 3 of the Dungeon.
             The game lasted 00:00:06 (2079 turns).

qw the Shooter (Deep Elf Hunter)                    Turns: 2079, Time: 00:00:06

Health: -1/20      AC:  3    Str: 10    XL:     3   Next: 41%
Magic:  5/5        EV: 12    Int: 13    God:
Gold:   92         SH:  0    Dex: 18    Spells: 2/2 levels left

rFire   . . .        a - +0 shortbow
rCold   . . .        (shield currently unavailable)
rNeg    . . .        c - +0 leather armour
rPois   .            (no helmet)
rElec   .            (no cloak)
rCorr   .            (no gloves)
SInv    .            (no boots)
Will    .....        (no amulet)
Stlth   ++           (no ring)
HPRegen 0.23/turn    (no ring)
MPRegen 0.09/turn

%: no passive effects
@: no status effects
A: no striking features
a: no special abilities


You were on level 3 of the Dungeon.
You visited 1 branch of the dungeon, and saw 3 of its levels.

You collected 92 gold pieces.


   Skills:
 - Level 1.5 Fighting
 + Level 7.0 Ranged Weapons
 - Level 2.4 Dodging
 - Level 1.2 Stealth


You had 2 spell levels left.
You didn't know any spells.
Your spell library was empty.

Inventory:

Hand Weapons
 a - a +0 shortbow (weapon)
Armour
 c - a +0 leather armour (worn)
Jewellery
 b - a ring of positive energy
Wands
 e - a wand of digging (5)
Potions
 d - a potion of resistance
 j - a potion of mutation

Dungeon Overview and Level Annotations

Branches:
Dungeon (3/15)

Altars:
Makhleb


Message History

You shoot an arrow. The arrow completely misses the orc.
An orc comes into view. It is wielding a +0 short sword.
You shoot an arrow. The arrow hits the orc!
You kill the orc!
An orc comes into view. It is wielding a +0 whip.
The orc shouts!
The orc moves out of view.
There is a stone staircase leading down here.
An orc and an orc priest come into view.
You shoot an arrow. The orc priest shouts!
The arrow hits the orc.
The orc is moderately wounded.
You shoot an arrow.
The arrow hits the orc but does no damage.
The orc is moderately wounded.
You shoot an arrow. The arrow hits the orc.
The orc is severely wounded.
You shoot an arrow. The arrow hits the orc.
You kill the orc!
The orc closely misses you.
Your Ranged Weapons skill increases to level 7!
You shoot an arrow. The arrow completely misses the orc.
The orc barely misses you. x3
You shoot an arrow.
The arrow closely misses the orc priest.
The orc closely misses you. The orc hits you with a +0 whip.
The orc priest casts a cantrip, but nothing happens.
You shoot an arrow. The arrow hits the orc priest.
The orc priest is moderately wounded.
The orc hits you with a +0 club. The orc hits you with a +0 whip.
The orc priest hits you with a +0 club.
You shoot an arrow. The arrow hits the orc priest!
The orc priest is severely wounded.
The orc misses you. The orc closely misses you.
The orc priest hits you with a +0 club.
You shoot an arrow.
The arrow closely misses the orc priest.
The orc hits you with a +0 club. The orc hits you with a +0 whip.
You die...

###...# ###.....#
#.......#
#######'#.#...#
#............##
#.........##.#
#.........##.#######
#.._.....(##>o......
#########.##@##.####
#...oo......
#####.....). ..###.#
..# . ... .... ...##


You could see an orc priest and 2 orcs.

Vanquished Creatures
  2 dart slugs
  2 orcs (D:3)
  5 ball pythons
  A bat (D:1)
  An endoplasm (D:1)
  3 giant cockroaches
  5 hobgoblins
  A kobold (D:1)
  4 quokkas (D:1)
  5 frilled lizards
  3 goblins
  3 rats
35 creatures vanquished.

Notes
Turn   | Place    | Note
-------+----------+-------------------------------------------
     0 | D:1      | qw the Deep Elf Hunter began the quest for the Orb.
     0 | D:1      | Reached XP level 1. HP: 12/12 MP: 3/3
     0 | D:1      | 0 ||| qw: Version: 0.3-a-160-g6735b56
     0 | D:1      | 0 ||| qw: Game counter: 4517
     0 | D:1      | 0 ||| qw: Melee chars always use a shield: true
     0 | D:1      | 0 ||| qw: God list: Okawaru
     0 | D:1      | 0 ||| qw: Allow faded altars: false
     0 | D:1      | 0 ||| qw: Do Orc after clearing Dungeon:15 true
     0 | D:1      | 0 ||| qw: Do second Lair branch before Depths: true
     0 | D:1      | 0 ||| qw: Lair rune preference: random
     0 | D:1      | 0 ||| qw: Goals: Normal
     0 | D:1      | 0 ||| PLANNING D:1-11
   128 | D:1      | Reached skill level 6 in Ranged Weapons
   128 | D:1      | Reached XP level 2. HP: 16/16 MP: 4/4
   902 | D:1      | 902 ||| DROPPING scroll of butterflies.
  1183 | D:2      | Reached XP level 3. HP: 20/20 MP: 5/5
  1357 | D:2      | Found a faded altar of an unknown god.
  1931 | D:2      | 1931 ||| READING scroll labelled VUCUUDE CANE.
  1932 | D:2      | 1932 ||| READING scroll labelled HUEPPO MILEGIENUI.
  1932 | D:2      | 1932 ||| ENCHANTING +0 shortbow.
  1933 | D:2      | 1933 ||| READING scroll labelled AKHLEZ BAUTATT.
  1938 | D:2      | 1938 ||| READING scroll labelled QELUITSUATAM.
  1938 | D:2      | 1938 ||| IDENTIFYING black potion
  1939 | D:2      | 1939 ||| READING scroll labelled CIGEDU HEOMIR.
  1940 | D:2      | 1940 ||| DRINKING 2 bubbling coppery potions.
  1941 | D:2      | 1941 ||| DRINKING 2 sedimented puce potions.
  1942 | D:2      | 1942 ||| DROPPING potion of brilliance.
  1997 | D:3      | 1997 ||| STAIRDANCE
  2008 | D:3      | 2008 ||| STAIRDANCE
  2049 | D:3      | Found a burning altar of Makhleb.
  2075 | D:3      | Reached skill level 7 in Ranged Weapons
  2078 | D:3      | HP: 4/20 [orc priest/+0 club (5)]
  2079 | D:3      | Slain by an orc

Levels and vault maps discovered:
D:1:      heliophobic_arrival_glass_houses, layout_loops_corners,
          amcnicky_mini_corridor_feature, nrook_uturn,
          chequers_serial_rivers_small_3
D:2:      layout_basic, shapermc_ecumenical_altar_mp_urbaneastern
D:3:      layout_basic, nicolae_overflow_ecumenical_swirl,
          overflow_temple_1_default

Skill      XL: |  1  2  3 |
---------------+----------+-----
Ranged Weapons | 6 7 |  7.0
Fighting       | |  1.5
Dodging        | |  2.4
Stealth        | |  1.2

Action                     || total
---------------------------++-------
   Fire: Shortbow          ||    91
    Use: Scroll            ||     5
         Potion            ||     2
 Armour: Leather armour    ||    19
  Dodge: Dodged            ||    16

Table legend:
 A = Non-vault XP
 B = Vault XP
 C = Vault XP percentage of total XP
 D = Non-vault monster count
 E = Vault monster count
 F = Vault count percentage of total count
                 A         B        C        D         E       F
            +---------+---------+-------+---------+---------+-------
      Total |      64 |       0 |   0.0 |      35 |       0 |   0.0
            +---------+---------+-------+---------+---------+-------
        D:1 |      32 |       0 |   0.0 |      18 |       0 |   0.0
        D:2 |      21 |       0 |   0.0 |      13 |       0 |   0.0
        D:3 |      11 |       0 |   0.0 |       4 |       0 |   0.0
            +---------+---------+-------+---------+---------+-------
